 Dungeon Crawl Stone Soup version 0.32-a0-422-g28b100f618 (webtiles) character file.

Game seed: 8153997520646895798

212 Sobieck the Shooter (level 5, -3/35 HPs)
             Began as a Coglin Hexslinger on Feb 21, 2024.
             Was a Follower of Hepliaklqana.
             Succumbed to an orc wizard's poison
             ... on level 3 of the Dungeon.
             The game lasted 00:04:16 (1908 turns).

Sobieck the Shooter (Coglin Hexslinger)             Turns: 1908, Time: 00:04:17

Health: -3/35      AC: 13    Str:  8    XL:     5   Next: 89%
Magic:  8/8        EV: 12    Int: 12    God:    Hepliaklqana [*.....]
Gold:   74         SH:  0    Dex: 19    Spells: 6/8 levels left

rFire   . . .        a - +1 sling {Marisol}
rCold   . . .        (no shield)
rNeg    . . .        q - +0 leather armour
rPois   .            s - +2 helmet
rElec   .            (no cloak)
rCorr   .            (no gloves)
SInv    .            n - +2 pair of boots {rampage}
Will    +....        r - amulet of regeneration
Stlth   +            m - ring of willpower
HPRegen 1.05/turn    d - +4 ring of protection
MPRegen 0.11/turn

%: rampage
@: mighty, lethally poisoned (-3 -> -27), immotile
A: reduced essence, off-hand wielding, slow wielding, warmup strikes, legs
shutdown
a: Renounce Religion, Recall Ancestor, Ancestor Identity


You were on level 3 of the Dungeon.
You worshipped Hepliaklqana.
Hepliaklqana was aware of your devotion.
You visited 1 branch of the dungeon, and saw 3 of its levels.

You collected 100 gold pieces.
You spent 26 gold pieces at shops.

Inventory:

Hand Weapons
 a - a +1 sling (weapon) {Marisol}
Armour
 c - a +0 robe
 n - a +2 pair of boots of rampaging (worn)
 q - a +0 leather armour (worn)
 s - a +2 helmet (worn)
 x - the +0 ring mail of the Chupacabra {-Cast rC+ Str+3 Dex+4 Stlth+}
   (You found it on level 3 of the Dungeon)

   Str+3:     It affects your strength (+3).
   Dex+4:     It affects your dexterity (+4).
   rC+:       It protects you from cold.
   -Cast:     It prevents spellcasting.
   Stlth+:    It makes you more stealthy.
Jewellery
 d - a +4 ring of protection (right grasper)
 m - a ring of willpower (left grasper)
 r - an amulet of regeneration (around neck)
 u - an amulet of magic regeneration
Scrolls
 b - a scroll of poison
 h - a scroll of fog
 T - a scroll of teleportation
Potions
 j - a potion of mutation
 l - a potion of enlightenment {unknown}
 p - a potion of brilliance {unknown}


   Skills:
 + Level 2.3 Fighting
 * Level 3.4 Ranged Weapons
 - Level 1.7 Dodging
 + Level 2.0 Spellcasting
 + Level 3.4 Hexes
 + Level 2.0 Fire Magic


You had 6 spell levels left.
You knew the following spells:

 Your Spells              Type           Power      Damage    Failure   Level
a - Jinxbite              Hex            18%        N/A       14%         2

Your spell library contained the following spells:

 Spells                   Type           Power      Damage    Failure   Level
 Sigil of Binding         Hex            9%         N/A       28%         3
 Inner Flame              Hex/Fire       7%         N/A       36%         3
 Cause Fear               Hex            4%         N/A       67%         4
 Dimensional Bullseye     Hex/Tloc       2%         N/A       89%         4


Dungeon Overview and Level Annotations

Branches:
Dungeon (3/15)

Altars:
Hepliaklqana

Shops:
D:3 ?


Innate Abilities, Weirdness & Mutations

Your life essence is reduced to manifest your ancestor. (-10% HP)
You can wield a second weapon in your off-hand.
It takes a long time for you to wield or remove held weapons.
Your first few attacks do less damage.
Attacking and casting redirects power from your legs.


Message History

You are more poisoned.
Something hits you.
* * * LOW HITPOINT WARNING * * *
You are more poisoned.
You shoot a sling bullet.
* * * LOW HITPOINT WARNING * * *
You feel extremely sick.
You hear some strange, mumbled words.
A puff of flame appears from out of thin air!
The puff of flame misses you.
You shoot a sling bullet.
* * * LOW HITPOINT WARNING * * *
You feel very sick. Something hits you.
* * * LOW HITPOINT WARNING * * *
You are lethally poisoned!
You feel much better.
You are no longer unable to travel.
You feel very sick. Something hits you but does no damage.
You are more poisoned.
Casting: Jinxbite (safe; 14% risk of failure)
Confirm with . or Enter, or press ? or * to list all spells.
There is nobody nearby that the sprites are interested in.
Unknown command.
Unknown command.
Casting: Jinxbite (safe; 14% risk of failure)
Confirm with . or Enter, or press ? or * to list all spells.
There is nobody nearby that the sprites are interested in.
It was a potion of might.
You feel very mighty all of a sudden.
You feel very sick. Something hits you but does no damage.
You are more poisoned.
You shoot a sling bullet.
You feel your willpower return.
* * * LOW HITPOINT WARNING * * *
You feel extremely sick. Something hits you but does no damage.
You are lethally poisoned!
Something hits you but does no damage.
You shoot a sling bullet.
* * * LOW HITPOINT WARNING * * *
You feel extremely sick. Something hits you.
* * * LOW HITPOINT WARNING * * *
You are more poisoned.
You shoot a sling bullet.
You die...
Hepliaklqana delivers you to your ancestors.

'.........+
#.........#
#....
##.......## ....
##.....## ....
##...## ..# #+##
.). #.# #.# #.#
#{# ##.## #@#
##...## #.#
#.....########.#
#
##...###.......#
.#### #####.##
#.####### .....
......####.#
#####
#####......# #
#.###### #.#


There were no monsters in sight!

Vanquished Creatures
  Jessica (D:3)
  Terence (D:2)
  3 adders (D:2)
  2 dart slugs
  2 orcs (D:3)
  3 ball pythons
  2 endoplasms
  5 giant cockroaches
  3 hobgoblins
  A kobold (D:1)
  A quokka (D:2)
  2 bats
  A frilled lizard (D:2)
  4 goblins
  10 rats
41 creatures vanquished.

Vanquished Creatures (collateral kills)
  2 orc wizards (D:3)
  An adder (D:2)
3 creatures vanquished.

Vanquished Creatures (others)
  An ancestor (D:3)
1 creature vanquished.

Grand Total: 45 creatures vanquished

Notes
Turn   | Place    | Note
-------+----------+-------------------------------------------
     0 | D:1      | Sobieck the Coglin Hexslinger began the quest for the Orb.
     0 | D:1      | Reached XP level 1. HP: 15/15 MP: 2/2
    93 | D:1      | Reached skill level 1 in Fire Magic
    94 | D:1      | Reached XP level 2. HP: 21/21 MP: 3/3
   248 | D:1      | Reached XP level 3. HP: 26/26 MP: 4/4
   251 | D:1      | Learned a level 2 spell: Jinxbite
   862 | D:2      | Reached skill level 3 in Hexes
  1051 | D:2      | Reached XP level 4. HP: 33/33 MP: 6/6
  1061 | D:2      | Noticed Terence
  1073 | D:2      | Killed Terence
  1432 | D:2      | Found a faded altar of an unknown god.
  1463 | D:2      | Prayed at the altar of an unknown god.
  1463 | D:2      | Became a worshipper of Hepliaklqana the Forgotten
  1463 | D:2      | Reached * piety under Hepliaklqana
  1490 | D:2      | Reached skill level 3 in Ranged Weapons
  1567 | D:3      | Reached XP level 5. HP: 34/34 MP: 7/7
  1589 | D:3      | Noticed Jessica
  1592 | D:3      | Killed Jessica
  1618 | D:3      | Identified the +0 ring mail of the Chupacabra {-Cast rC+
                  | Str+3 Dex+4 Stlth+}
  1750 | D:3      | Found Gaza's Magic Scroll Emporium.
  1758 | D:3      | Bought a scroll of identify for 26 gold pieces
  1908 | D:3      | Succumbed to an orc wizard's poison

Illustrated notes

Levels and vault maps discovered:
D:1:      dpeg_arrival_three_same_balls, layout_basic, minmay_misc_feat_rows
D:2:      layout_loops_cross, shapermc_ecumenical_altar_flowoftime, uniq_terence
D:3:      layout_loops_corners, serial_shops, shop, minmay_lizard_king,
          uniq_jessica

Skill      XL: |  1  2  3  4  5 |
---------------+----------------+-----
Ranged Weapons | 2 3 |  3.4
Fire Magic     | 1 2 |  2.0
Hexes          | 3 |  3.4
Fighting       | 2 |  2.3
Spellcasting   | 2 |  2.0
Dodging        | |  1.7

Action                     |  1- 3 |  4- 6 || total
---------------------------+-------+-------++-------
   Fire: Sling             |    82 |    88 ||   170
   Cast: Jinxbite          |       |     2 ||     2
 Invoke: Recall Ancestor   |       |     1 ||     1
    Use: Scroll            |       |    11 ||    11
         Potion            |       |     2 ||     2
 Armour: Robe              |    22 |       ||    22
         Leather armour    |     5 |    24 ||    29
  Dodge: Dodged            |    29 |    10 ||    39

Table legend: (Time is in decaauts)
 A = Elapsed time spent in this place.
 B = Non-inter-level travel time spent in this place.
 C = Inter-level travel time spent in this place.
 D = Time resting spent in this place.
 E = Time spent auto-exploring this place.
 F = Levels seen in this place.
 G = Mean time per level.
                   A        B        C        D        E       F      G
               +--------+--------+--------+--------+--------+-----+--------+
         Total |   1956 |   1696 |    260 |     11 |   1296 |   3 |  652.0 |
       Dungeon |   1956 |   1696 |    260 |     11 |   1296 |   3 |  652.0 |
               +--------+--------+--------+--------+--------+-----+--------+

Top non-repeatable levels by time:
     D:2: 906 daAuts
     D:1: 694 daAuts
     D:3: 354 daAuts
